 Dungeon Crawl Stone Soup version 0.30-a0-1018-g25214051b3 (webtiles) character file.

Game seed: 8463400952085990278

2 Zeldest the Sneak (level 1, -4/13 HPs)
             Began as a Vampire Delver on Apr 8, 2023.
             Killed from afar by an orc wizard (6 damage)
             ... with a magic dart
             ... on level 5 of the Dungeon.
             The game lasted 00:00:20 (48 turns).

Zeldest the Sneak (Vampire Delver)                    Turns: 48, Time: 00:00:20

Health: -4/13      AC:  3    Str: 11    XL:     1   Next: 25%
Magic:  1/1        EV: 12    Int: 12    God:
Gold:   0          SH:  0    Dex: 15    Spells: 0/0 levels left

rFire   . . .      SeeInvis +    a - +0 short sword
rCold   + + .      Faith    .    (no shield)
rNeg    + + +      Spirit   .    b - +0 leather armour
rPois   ∞          Reflect  .    (no helmet)
rElec   .          Rampage  .    (no cloak)
rCorr   .                        (no gloves)
Will    .....                    (no boots)
Stlth   +++++                    (no amulet)
HPRegen 0.00/turn                (no ring)
MPRegen 0.07/turn                (no ring)

@: bloodless, inhibited regen, hasted, very quick
A: bloodless, fangs 3, see invisible, vampiric 1
a: Revivify


You were on level 5 of the Dungeon.
You visited 1 branch of the dungeon, and saw 1 of its levels.

Inventory:

Hand Weapons
 a - a +0 short sword (weapon)
Armour
 b - a +0 leather armour (worn)
Wands
 g - a wand of digging (3)
Scrolls
 c - a scroll of fog
 d - a scroll of magic mapping
 e - a scroll of fear


   Skills:
 - Level 2.6 Fighting
 + Level 2.2 Short Blades
 - Level 2.1 Dodging
 * Level 7.3 Stealth


You couldn't memorise any spells.
You didn't know any spells.
Your spell library was empty.

Dungeon Overview and Level Annotations

Branches:
Dungeon (5/15) Zot: 5958
 Temple: D:4-7

Altars:


Innate Abilities, Weirdness & Mutations

You do not regenerate when monsters are visible.
You are frail without blood (-20% HP).
You can heal yourself when you bite living creatures.
You are immune to poison.
You have razor-sharp teeth.
You have supernaturally acute eyesight. (SInv)
You are afflicted with vampirism.


Message History

You closely miss the orc.
The orc is severely wounded.
You hit the orc but do no damage.
The orc is severely wounded.
The orc barely misses you.
You hit the orc but do no damage.
The orc is severely wounded.
You barely miss the orc.
The orc is severely wounded.
The orc misses you.
You barely miss the orc. Your bite misses the orc.
The orc is severely wounded.
The orc barely misses you.
You hit the orc.
You kill the orc!
An orc comes into view. It is wielding a +0 hand axe.
The orc misses you.
The orc wizard hits you with a +0 dagger.
Things that are here:
a +0 short sword; a +0 leather armour The orc shouts!
You hit the orc wizard.
The orc wizard is lightly wounded.
You hit the orc wizard. Your punch misses the orc wizard.
The orc wizard is lightly wounded.
The orc misses you.
The orc wizard hits you with a +0 dagger.
You hit the orc wizard. Your bite misses the orc wizard.
The orc wizard is moderately wounded.
You hit the orc wizard. Your bite misses the orc wizard.
The orc wizard is heavily wounded.
The orc barely misses you.
The orc wizard hits you but does no damage.
You miss the orc wizard.
The orc wizard is heavily wounded.
The orc hits you with a +0 club.
* * * LOW HITPOINT WARNING * * *
The orc wizard casts a spell at you. The magic dart hits you.
You die...

#.
#..........##
#.
#...........#
#.
#...........#
#.
#.#########.#
#. #.# #.#
#.##.# #.#
#....# #.#
##.### #.#
#.####### #@#
#>.........ooo#
###############


You could see an orc wizard (invisible) and 2 orcs.

Vanquished Creatures
  An orc (D:5)
1 creature vanquished.

Notes
Turn   | Place    | Note
-------+----------+-------------------------------------------
     0 | D:5      | Zeldest the Vampire Delver began the quest for the Orb.
     0 | D:5      | Reached XP level 1. HP: 17/17 MP: 1/1
    20 | D:5      | Noticed an orc wizard
    48 | D:5      | Killed from afar by an orc wizard

Illustrated notes

Levels and vault maps discovered:
D:5:      layout_basic, gammafunk_temple_overflow_pools, enter_ossuary_4

Action                     || total
---------------------------++-------
  Melee: Short sword       ||    21
         Bite              ||     1
Ability: Exsanguinate      ||     1
    Use: Potion            ||     1
 Armour: Leather armour    ||     2
  Dodge: Dodged            ||     9

Table legend: (Time is in decaauts)
 A = Elapsed time spent in this place.
 B = Non-inter-level travel time spent in this place.
 C = Inter-level travel time spent in this place.
 D = Time resting spent in this place.
 E = Time spent auto-exploring this place.
 F = Levels seen in this place.
 G = Mean time per level.
                   A        B        C        D        E       F      G
               +--------+--------+--------+--------+--------+-----+--------+
         Total |     40 |     40 |      0 |      0 |      0 |   1 |   40.0 |
       Dungeon |     40 |     40 |      0 |      0 |      0 |   1 |   40.0 |
               +--------+--------+--------+--------+--------+-----+--------+

Top non-repeatable levels by time:
     D:5: 40 daAuts
